 Dungeon Crawl Stone Soup version 0.22.1-1-ga44c0e5 (webtiles) character file.

139 magicm the Shooter (level 5, -3/42 HPs)
             Began as a Hill Orc Wanderer on Nov 10, 2018.
             Was an Initiate of Beogh.
             Slain by Crazy Yiuf
             ... wielding a +4 quarterstaff of chaos
              (12 damage)
             ... on level 2 of the Dungeon.
             The game lasted 00:10:28 (1625 turns).

magicm the Shooter (Hill Orc Wanderer)              Turns: 1625, Time: 00:10:29

Health: -3/42      AC:  8    Str: 16    XL:     5   Next: 22%
Magic:  1/6        EV:  9    Int: 12    God:    Beogh [......]
Gold:   118        SH:  0    Dex: 10    Spells: 6/6 levels left

rFire    . . .     SeeInvis .   k - +1 short sword (speed)
rCold    . . .     Gourm    .   (no shield)
rNeg     + . .     Faith    .   a - +2 scale mail
rPois    .         Spirit   .   (no helmet)
rElec    .         Reflect  .   (no cloak)
rCorr    .         Harm     .   (no gloves)
MR       .....                  (no boots)
Stlth    ..........             (no amulet)
HPRegen  0.14/turn              g - ring of positive energy
MPRegen  0.10/turn              (no ring)

@: no status effects
A: no striking features
a: Renounce Religion


You were on level 2 of the Dungeon.
You worshipped Beogh.
Beogh was noncommittal.
You were not hungry.

You visited 1 branch of the dungeon, and saw 2 of its levels.

You collected 118 gold pieces.

Inventory:

Hand Weapons
 b - a +1 shortbow
 j - a +0 short sword
 k - a +1 short sword of speed (weapon)
Missiles
 c - 8 arrows
Armour
 a - a +2 scale mail (worn)
Jewellery
 g - a ring of positive energy (left hand)
Scrolls
 h - a scroll of remove curse
 i - a scroll of fog
 l - a scroll of identify
Potions
 e - a potion of flight
Comestibles
 f - 4 rations


   Skills:
 + Level 2.4 Fighting
 + Level 0.7 Short Blades
 + Level 4.0 Bows
 + Level 1.0 Throwing
 + Level 2.6 Armour
 + Level 0.5 Dodging
   Level 1.1 Shields
 + Level 1.0 Spellcasting
   Level 1.7 Poison Magic


You had 6 spell levels left.
You didn't know any spells.
Your spell library was empty.

Dungeon Overview and Level Annotations

Branches:
Dungeon (2/15)

Altars:

Annotations:
D:2 Crazy Yiuf


Message History

Crazy Yiuf is severely wounded.
You feel better.
Crazy Yiuf hits you with a quarterstaff of chaos!
* * * LOW HITPOINT WARNING * * *
Crazy Yiuf freezes you.
* * * LOW HITPOINT WARNING * * *
You closely miss Crazy Yiuf.
Crazy Yiuf is severely wounded.
Crazy Yiuf barely misses you.
You feel better.
Crazy Yiuf hits you with a quarterstaff of chaos.
* * * LOW HITPOINT WARNING * * *
Crazy Yiuf burns you.
* * * LOW HITPOINT WARNING * * *
You hit Crazy Yiuf.
Crazy Yiuf is severely wounded.
You barely miss Crazy Yiuf.
Crazy Yiuf is severely wounded.
Crazy Yiuf hits you with a quarterstaff of chaos!
You die...

###########
..........#
#########.#
##### #.#
#)..# #.#
#...# ######
#.# #.g.#
.....# #.#
#@# ####.#
#.# #.## #.#
#.# ##.# #
#.# #.# #.##
####.####†##
##.#
.......>...#
##.##
####.#####.#
##...# #.#
#.# #....# #
#.# #.#
#+..'#


You could see Crazy Yiuf.

Vanquished Creatures
  A bullfrog (D:2)
  An adder (D:2)
  2 oozes (D:1)
  3 worms (D:2)
  A dart slug (D:1)
  A leopard gecko (D:1)
  An orc (D:2)
  7 bats
  3 giant cockroaches
  4 goblins
  6 hobgoblins
  7 kobolds
  A quokka (D:2)
  2 frilled lizards (D:2)
  10 rats
50 creatures vanquished.

Vanquished Creatures (others)
  An orc priest (D:2)
  An orc (D:2)
2 creatures vanquished.

Grand Total: 52 creatures vanquished

Notes
Turn   | Place    | Note
-------+----------+-------------------------------------------
     0 | D:1      | magicm the Hill Orc Wanderer began the quest for the Orb.
     0 | D:1      | magicm set off with: a +2 scale mail, a +0 shortbow, 24
                  | arrows, a potion of curing, a ration
     0 | D:1      | Reached XP level 1. HP: 16/16 MP: 2/2
   120 | D:1      | Reached skill level 2 in Bows
   208 | D:1      | Reached XP level 2. HP: 23/23 MP: 3/3
   375 | D:1      | Reached skill level 3 in Bows
   375 | D:1      | Reached XP level 3. HP: 27/28 MP: 4/4
  1076 | D:2      | Found a runed door.
  1117 | D:2      | Noticed a bullfrog
  1122 | D:2      | Killed a bullfrog
  1122 | D:2      | Reached XP level 4. HP: 28/37 MP: 5/5
  1124 | D:2      | Became a worshipper of Beogh the Brigand
  1147 | D:2      | Reached XP level 5. HP: 35/42 MP: 6/6
  1450 | D:2      | Reached skill level 4 in Bows
  1610 | D:2      | Noticed Crazy Yiuf
  1619 | D:2      | HP: 2/42 [Crazy Yiuf/quarterstaff of chaos (13)]
  1625 | D:2      | Slain by Crazy Yiuf

Skill      XL: |  1  2  3  4  5 |
---------------+----------------+-----
Bows           | 2 3 4 |  4.0
Fighting       | 2 |  2.4
Short Blades   | |  0.7
Throwing       | |  1.0
Armour         | |  2.6
Dodging        | |  0.5
Shields        | |  1.1
Spellcasting   | |  1.0
Poison Magic   | |  1.7

Action                   |  1- 3 |  4- 6 || total
-------------------------+-------+-------++-------
Melee: Shortbow          |     1 |       ||     1
       Short sword       |    19 |    14 ||    33
 Fire: Shortbow          |   132 |    45 ||   177
Invok: Convert to Beogh  |       |     1 ||     1
  Use: Scroll            |     5 |     1 ||     6
       Potion            |       |     2 ||     2
  Eat: Ration            |     1 |       ||     1
Armor: Scale mail        |    49 |     8 ||    57
Dodge: Dodged            |    38 |    14 ||    52
